 Dungeon Crawl Stone Soup version 0.27-a0-1308-gc08437e49b (webtiles) character file.

Game seed: 10004338411832781436

40 Sobieck the Ducker (level 3, -6/28 HPs)
             Began as a Spriggan Berserker on June 18, 2021.
             Was a Believer of Trog.
             Killed from afar by Sigmund (11 damage)
             ... with a magic dart
             ... on level 2 of the Dungeon.
             The game lasted 00:03:10 (1722 turns).

Sobieck the Ducker (Spriggan Berserker)             Turns: 1722, Time: 00:03:10

Health: -6/28      AC:  2    Str: 14    XL:     3   Next: 30%
Magic:  4/4        EV: 18    Int:  8    God:    Trog [**....]
Gold:   66         SH:  0    Dex: 14    Spells: 2/2 levels left

rFire    . . .     SeeInvis +   a - +0 falchion {long}
rCold    . . .     Faith    .   (shield restricted)
rNeg     . . .     Spirit   .   c - +0 animal skin
rPois    .         Reflect  .   (helmet restricted)
rElec    .         Harm     .   (no cloak)
rCorr    .         Rampage  .   (gloves unavailable)
Will     .....                  (boots unavailable)
Stlth    ..........             (no amulet)
HPRegen  0.09/turn              (no ring)
MPRegen  0.09/turn              (no ring)

@: berserking (expiring), very quick
A: very small, no large weapons, unfitting armour, see invisible, speed 3
a: Renounce Religion, Berserk, Trog's Hand


You were on level 2 of the Dungeon.
You worshipped Trog.
Trog was pleased with you.
You visited 1 branch of the dungeon, and saw 3 of its levels.

You collected 66 gold pieces.


Innate Abilities, Weirdness & Mutations

You are very small and have problems with some larger weapons.
You are too small for most types of armour.
You have supernaturally acute eyesight. (SInv)
You cover ground extremely quickly. (Speed+++)


   Skills:
 + Level 2.9 Fighting
 + Level 2.8 Long Blades
 + Level 4.7 Dodging


You had 2 spell levels left.
You didn't know any spells.
Your spell library contained the following spells:

 Spells                   Type           Power      Damage    Failure   Level
 Magic Dart               Conj           0%         1d3       41%         1
 Blink                    Tloc           N/A        N/A       54%         2
 Call Imp                 Summ           0%         N/A       54%         2
 Slow                     Hex            0%         N/A       54%         2
 Conjure Flame            Conj/Fire      0%         6-21      78%         3
 Mephitic Cloud           Conj/Pois/Air  0%         N/A       78%         3

Inventory:

Hand Weapons
 a - a +0 falchion (weapon) {long}
 b - a +0 hunting sling {sling}
   (You found it on level 1 of the Dungeon)
Missiles
 d - 12 poisoned darts {throwing}
Armour
 c - a +0 animal skin (worn)
Magical Staves
 e - a staff of cold {forbidden!astaff}
   (You found it on level 1 of the Dungeon)
Scrolls
 f - a scroll of identify {unknown}

Dungeon Overview and Level Annotations

Branches:
Dungeon (3/15)

Altars:

Annotations:
D:2 Sigmund

#...###>....+...'..............
#...# #.#####...###########....
#...# #.# #...# #....
#...###.### #...# #....
#.........# #...# #....
#.........# ##### #....
#.........# #....
#.........####### #....
#.............@.# #####
###############@# #K# #.#
#.######## #........#
#........# #........#
#.########


You could see Sigmund (invisible) and a kobold.


Message History

* * * LOW HITPOINT WARNING * * *
😨 HP[-9]
You take 9 damage, and now have 7/16 hp.
MASSIVE DAMAGE!! (PAUSE) Unknown command.
A red film seems to cover your vision as you go berserk!
You feel yourself moving faster!
You feel mighty!
The worm completely misses you. 😨 HP[+4]
You now have 24 max hp (+8).
You regained 4 hp, and now have 11/24 hp.
You slash the worm! You hit the worm. You hit the worm.
The worm closely misses you.
You riposte.
You hit the worm.
You kill the worm!
Trog accepts your kill.
You have reached level 3!
Your experience leads to an increase in your attributes!
Increase (S)trength, (I)ntelligence, or (D)exterity?
You feel stronger. 😨 HP[+2] MP[+1]
You now have 28 max hp (+4).
You regained 2 hp, and now have 13/28 hp.
Your mp is fully restored (4).
Unknown command.
Unknown command.
You feel a strong urge to attack something.
Unknown command.
Unknown command.
You start resting.
You feel your anger nearly subside.
You are no longer berserk.
You are exhausted.
You feel yourself slow down.
You feel yourself speed up.
You recover from your berserk rage. 😎 HP[+6]
You now have 19 max hp (-9).
Your hp is fully restored (19).
There is a stone staircase leading down here.
You climb downwards.
There is a stone staircase leading up here.
You climb upwards.
There is a stone staircase leading down here.
You see here a worm corpse.
An adder comes into view.
A kobold and Sigmund come into view.
Sigmund is wielding a +3 vampiric scythe.
Sigmund shouts!
The kobold shouts!
A ball python comes into view.
You start waiting.
An adder is nearby!
You start waiting.
An adder is nearby!
You hit the adder. The adder misses you.
You hit the adder but do no damage. The adder barely misses you.
The adder misses you.
You miss the adder. The adder closely misses you.
You riposte.
You hit the adder but do no damage. You barely miss the adder.
The adder barely misses you. Sigmund closely misses you. The adder misses you.
You riposte.
You hit the adder.
A red film seems to cover your vision as you go berserk!
You feel yourself moving faster!
You feel mighty! The adder bites you.
Sigmund hits you from afar with a +3 vampiric scythe!
* * * LOW HITPOINT WARNING * * *
😨 HP[-5]
You now have 28 max hp (+9).
You closely miss the adder. The adder misses you.
You completely miss the adder.
Sigmund gestures wildly while chanting.
Sigmund flickers and vanishes for a moment.
The adder closely misses you.
You slash the adder!
You kill the adder!
Trog accepts your kill. Sigmund closely misses you. 😮 HP[+1]
You hit Sigmund. Sigmund misses you.
You closely miss Sigmund.
Sigmund hits you with a +3 vampiric scythe!
* * * LOW HITPOINT WARNING * * *
Sigmund draws strength from your wounds! 😱 HP[-8]
You take 8 damage, and now have 7/28 hp.
MASSIVE DAMAGE!! (PAUSE)
You hit Sigmund.
The kobold throws a stone.
The stone hits Sigmund but does no damage.
Sigmund completely misses you.
You riposte.
You hit Sigmund. You hit Sigmund.
The kobold throws a stone.
The stone hits Sigmund but does no damage.
You slash Sigmund!
Sigmund hits you with a +3 vampiric scythe.
* * * LOW HITPOINT WARNING * * *
Sigmund draws strength from your wounds! 😱 HP[-2]
You take 2 damage, and now have 5/28 hp.
You completely miss Sigmund. Sigmund gestures at you while chanting.
The magic dart hits you!
You die...

Action                   || total
-------------------------++-------
Melee: Falchion          ||    78
Invok: Berserk           ||     4
  Use: Scroll            ||     1
 Stab: Sleeping          ||     2
Armor: Animal skin       ||     8
Dodge: Dodged            ||    56
       Rpst.: Falchion   ||    22

Levels and vault maps discovered:
D:1:      dpeg_arrival_rooms_c, layout_basic,
          chequers_ecumenical_altar_simple_redux
D:2:      layout_basic, uniq_robin, uniq_sigmund
D:3:      layout_loops_corners, serial_shops, shop, uniq_grinder

Notes
Turn   | Place    | Note
-------+----------+-------------------------------------------
     0 | D:1      | Sobieck the Spriggan Berserker began the quest for the Orb.
     0 | D:1      | Reached XP level 1. HP: 11/11 MP: 2/2
     0 | D:1      | magus.rc [v1.9.6]
   479 | D:1      | Reached XP level 2. HP: 16/16 MP: 3/3
   580 | D:1      | Found a faded altar of an unknown god.
  1431 | D:2      | Reached ** piety under Trog
  1476 | D:2      | You pick up a book of Minor Magic {forbidden} and begin
                  | reading...
  1476 | D:2      | You add the spells Magic Dart, Blink, Call Imp, Slow,
                  | Conjure Flame and Mephitic Cloud to your library.
  1503 | D:2      | Reached XP level 3. HP: 13/19 MP: 4/4
  1692 | D:2      | Noticed Sigmund
  1718 | D:2      | HP: 7/28 [Sigmund (8)]
  1722 | D:2      | Killed from afar by Sigmund

Vanquished Creatures
  An adder (D:2)
  A worm (D:2)
  3 ball pythons (D:1)
  A bat (D:1)
  2 endoplasms (D:1)
  3 hobgoblins (D:1)
  3 jackals (D:2)
  A quokka (D:1)
  A frilled lizard (D:1)
  4 goblins (D:1)
  2 kobolds (D:1)
  4 rats
26 creatures vanquished.

Table legend:
 A = Non-vault XP
 B = Vault XP
 C = Vault XP percentage of total XP
 D = Non-vault monster count
 E = Vault monster count
 F = Vault count percentage of total count
                 A         B        C        D         E       F
            +---------+---------+-------+---------+---------+-------
      Total |      58 |       0 |   0.0 |      26 |       0 |   0.0
            +---------+---------+-------+---------+---------+-------
        D:1 |      33 |       0 |   0.0 |      20 |       0 |   0.0
        D:2 |      24 |       0 |   0.0 |       5 |       0 |   0.0
        D:3 |       1 |       0 |   0.0 |       1 |       0 |   0.0
            +---------+---------+-------+---------+---------+-------

Illustrated notes

Table legend:
 A = Kills in this place as a percentage of kills in entire the game.
 B = Kills by you in this place as a percentage of kills by you in the entire game.
 C = Kills by friends in this place as a percentage of kills by friends in the entire game.
 D = Other kills in this place as a percentage of other kills in the entire game.
 E = Experience gained in this place as a percentage of experience gained in the entire game.
 F = Experience gained in this place divided by the number of levels of this place that you have seen.
                   A       B       C       D       E      F
               +-------+-------+-------+-------+-------+----------------------
         Total | 100.0 | 100.0 |   N/A |   N/A | 100.0 |  19.3
       Dungeon | 100.0 | 100.0 |   N/A |   N/A | 100.0 |  19.3
               +-------+-------+-------+-------+-------+----------------------

Table legend: (Time is in decaauts)
 A = Elapsed time spent in this place.
 B = Non-inter-level travel time spent in this place.
 C = Inter-level travel time spent in this place.
 D = Time resting spent in this place.
 E = Time spent auto-exploring this place.
 F = Levels seen in this place.
 G = Mean time per level.
                   A        B        C        D        E       F      G
               +--------+--------+--------+--------+--------+-----+--------+
         Total |   1434 |   1409 |     25 |    698 |    511 |   3 |  478.0 |
       Dungeon |   1434 |   1409 |     25 |    698 |    511 |   3 |  478.0 |
               +--------+--------+--------+--------+--------+-----+--------+

Top non-repeatable levels by time:
     D:1: 1137 daAuts
     D:2: 289 daAuts
     D:3: 7 daAuts
